 Dungeon Crawl Stone Soup version 0.30-a0-830-gfe289a77b0 (webtiles) character file.

Game seed: 10031143328792072537

2018 lunkers the Fighter (level 9, -4/82 HPs)
             Began as a Meteoran Fighter on Feb 28, 2023.
             Was an Initiate of Gozag.
             Slain by a blink frog (14 damage)
             ... on level 2 of the Lair of Beasts.
             The game lasted 00:15:48 (3949 turns).

lunkers the Fighter (Meteoran Fighter)              Turns: 3949, Time: 00:15:48

Health: -4/82      AC:  9    Str: 18    XL:     9   Next: 75%
Magic:  10/10      EV: 11    Int:  9    God:    Gozag
Gold:   440        SH:  6    Dex: 25    Spells: 8/8 levels left

rFire   + . .      SeeInvis .    a - +3 dagger (elec)
rCold   . . .      Faith    .    c - +0 buckler
rNeg    + . .      Spirit   .    B - +1 ring mail {rF+}
rPois   .          Reflect  .    (no helmet)
rElec   .          Harm     .    i - +0 cloak
rCorr   .          Rampage  .    (no gloves)
Will    +....                    n - +0 pair of boots
Stlth   +                        (no amulet)
HPRegen 0.33/turn                e - +6 ring of dexterity
MPRegen 0.12/turn                u - ring of positive energy

@: glowing
A: sense surroundings 2, otherworldly, glowing, explore regen
a: Renounce Religion, Potion Petition, Call Merchant, Bribe Branch


You were on level 2 of the Lair of Beasts.
You worshipped Gozag.
Gozag was aware of your devotion.
You visited 3 branches of the dungeon, and saw 11 of its levels.

You collected 516 gold pieces.
You paid 76 gold pieces to Gozag.

Inventory:

Hand Weapons
 a - a +3 dagger of electrocution (weapon)
 b - a +1 dagger of draining
 v - a +1 whip of electrocution
 x - a +0 long sword
 D - a +3 dagger
 E - a +0 scimitar
Armour
 c - a +0 buckler (worn)
 i - a +0 cloak (worn)
 n - a +0 pair of boots (worn)
 B - a +1 ring mail of fire resistance (worn)
Jewellery
 e - a +6 ring of dexterity (left hand)
 u - a ring of positive energy (right hand)
 w - a ring of poison resistance
Wands
 g - a wand of mindburst (7)
 k - a wand of light (14)
 r - a wand of charming (1)
 t - a wand of digging (1)
 y - a wand of polymorph (10)
 A - a wand of flame (28)
Scrolls
 o - 3 scrolls of amnesia
 z - 2 scrolls of teleportation
 C - 2 scrolls of fear
Potions
 d - a potion of might
 f - 4 potions of curing
 h - 3 potions of brilliance
 j - 2 potions of cancellation
 l - 2 potions of lignification
 m - 2 potions of mutation
 p - a potion of berserk rage
 s - a potion of heal wounds {unknown}


   Skills:
 + Level 8.7 Fighting
 * Level 6.5(8.0) Short Blades
 - Level 7.8(9.1) Long Blades
 + Level 4.0 Armour
 + Level 1.3 Dodging
 - Level 3.6 Shields
 * Level 2.2 Evocations


You had 8 spell levels left.
You didn't know any spells.
Your spell library contained the following spells:

 Spells                   Type           Power      Damage    Failure   Level
 Apportation              Tloc           0%         N/A       67%         1
 Kiss of Death            Conj/Necr      0%         2d5       67%         1
 Blink                    Tloc           0%         N/A       80%         2
 Lesser Beckoning         Tloc           0%         N/A       80%         2
 Momentum Strike          Conj/Tloc      0%         3d8       80%         2
 Confusing Touch          Hex            0%         N/A       95%         3
 Dispel Undead            Necr           0%         3d6       100%        4
 Alistair's Intoxication  Tmut/Pois      0%         N/A       100%        5


Dungeon Overview and Level Annotations

Branches:
Dungeon (8/15) Zot: 1142   Temple (1/1) D:5 Zot: 513    Lair (2/5) D:8 Zot: 1098
  Swamp: Lair:2-3    Shoals: Lair:2-3     Snake: Lair:2-3    Spider: Lair:2-3

Altars:
Ashenzari
Dithmenos
Elyvilon
Fedhas
Gozag
Hepliaklqana
Kikubaaqudgha
Makhleb
Nemelex Xobeh
Okawaru
Ru
Sif Muna
Trog
Vehumet
Wu Jian
Xom
Yredelemnul
Zin
The Shining One

Annotations:
D:4 Duvessa
D:5 2 runed translucent doors


Innate Abilities, Weirdness & Mutations

You passively map the area around you.
You are easily found by Zot.
You glow in the dark.
You regain HP and MP as you explore.


Message History

The blink frog blinks!
You throw a curare-tipped dart.
The curare-tipped dart closely misses the blink frog.
The blink frog blinks!
The rime drake breathes ice at you. The icy flash freeze misses you.
The blink frog blinks!
You hit the rime drake.
The rime drake is lightly wounded.
The rime drake bites you.
You miss the rime drake.
The rime drake is lightly wounded.
The rime drake bites you.
You hit the rime drake but do no damage.
The rime drake is lightly wounded.
The blink frog blinks!
The rime drake breathes ice at you. The icy flash freeze hits you!!
* * * LOW HITPOINT WARNING * * *
You are encased in ice.
You hit the rime drake.
The rime drake is moderately wounded.
You hit the rime drake.
The rime drake is moderately wounded.
The rime drake misses you. The blink frog hits you!
* * * LOW HITPOINT WARNING * * *
You barely miss the blink frog.
The blink frog is almost dead.
The blink frog hits you!
* * * LOW HITPOINT WARNING * * *
The rime drake bites you but does no damage.
You hit the blink frog.
The blink frog is almost dead.
The blink frog hits you but does no damage.
The rime drake bites you but does no damage.
You barely miss the blink frog.
The blink frog is almost dead.
The ice encasing you melts away. The blink frog hits you!
You die...
Your body crumbles into a pile of gold.

*
#............P#
,
#............#
, , *
*#......(....#
#.........<..
,,
##............
, , *
#.............*
,, ,, ,
#.#...........
, , ,
*###..k........
,, ,,, *
#ยง#@........,
, , ,, , ,
##.#F.####P# ,
,* *##..## # **
, , ,, #...# ,
, , , . ###...#
* , , ...
#....## * ,
,.....#..## , ,
........<# ,,,
, ,........##


You could see a blink frog and a rime drake.

Vanquished Creatures
  Pikel (D:6)
  Prince Ribbit (D:6)
  An ice beast (D:6)
  An orc warrior (D:8)
  An ogre (D:7)
  2 centaurs
  A kobold brigand (D:8)
  A necrophage (D:5)
  3 wights (D:6)
  2 howler monkeys
  4 orc priests
  2 hounds
  A gnoll bouda (D:7)
  Crazy Yiuf (D:3)
  2 iguanas
  Ijyb (D:5)
  3 orc wizards
  5 gnolls (D:7)
  5 adders
  A shadow imp (D:6)
  A white imp (D:7)
  An ufetubus (D:6)
  A worm (D:4)
  2 dart slugs
  18 orcs
  6 bats
  6 endoplasms
  2 giant cockroaches (D:1)
  4 goblins
  2 hobgoblins
  2 jackals (D:4)
  9 kobolds
  3 quokkas
  4 ball pythons
  A frilled lizard (D:2)
  6 rats
107 creatures vanquished.

Vanquished Creatures (others)
  6 plants
6 creatures vanquished.

Grand Total: 113 creatures vanquished

Notes
Turn   | Place    | Note
-------+----------+-------------------------------------------
     0 | D:1      | lunkers the Meteoran Fighter began the quest for the Orb.
     0 | D:1      | Reached XP level 1. HP: 19/19 MP: 2/2
   117 | D:1      | Found a faded altar of an unknown god.
   142 | D:1      | Reached XP level 2. HP: 26/26 MP: 3/3
   324 | D:1      | Reached XP level 3. HP: 31/31 MP: 4/4
   527 | D:2      | Reached skill level 5 in Long Blades
   527 | D:2      | Reached XP level 4. HP: 29/38 MP: 5/5
   660 | D:3      | Reached XP level 5. HP: 27/45 MP: 6/6
   821 | D:3      | Reached XP level 6. HP: 11/51 MP: 7/7
  1061 | D:3      | Found a runed translucent door.
  1062 | D:3      | Noticed Crazy Yiuf
  1068 | D:3      | Killed Crazy Yiuf
  1477 | D:4      | Found a burning altar of Makhleb.
  1592 | D:4      | Noticed Duvessa
  1831 | D:5      | Entered Level 5 of the Dungeon
  1848 | D:5      | Found a large runed translucent door.
  1848 | D:5      | Found a large runed translucent door.
  1860 | D:5      | Reached skill level 1 in Short Blades
  1860 | D:5      | Reached XP level 7. HP: 56/57 MP: 8/8
  1920 | D:5      | Found a staircase to the Ecumenical Temple.
  1925 | Temple   | Entered the Ecumenical Temple
  2000 | Temple   | Became a worshipper of Gozag Ym Sagoz the Greedy
  2068 | D:5      | Found a glowing silver altar of Zin.
  2081 | D:5      | Noticed Ijyb
  2103 | D:5      | Killed Ijyb
  2137 | D:5      | Found a glowing golden altar of the Shining One.
  2406 | D:5      | Found a shimmering altar of Xom.
  2411 | D:5      | Found an ornate altar of the Wu Jian Council.
  2643 | D:6      | Reached skill level 5 in Short Blades
  2643 | D:6      | Reached XP level 8. HP: 59/63 MP: 9/9
  2680 | D:6      | Noticed Pikel
  2694 | D:6      | Killed Pikel
  2695 | D:6      | Reached skill level 5 in Fighting
  2777 | D:6      | Gained mutation: You passively map the area around you.
                  | [Meteoran growth]
  2777 | D:6      | Reached XP level 9. HP: 75/75 MP: 10/10
  2788 | D:6      | Reached skill level 6 in Fighting
  2793 | D:6      | Noticed Prince Ribbit
  2825 | D:6      | Killed Prince Ribbit
  2826 | D:6      | Reached skill level 7 in Fighting
  2887 | D:6      | Reached skill level 8 in Fighting
  2963 | D:7      | Found a shimmering blue altar of Sif Muna.
  3180 | D:7      | Reached skill level 1 in Evocations
  3237 | D:7      | Identified the +0 robe of the Stallion {rElec rPois Int+3}
  3728 | D:8      | Reached skill level 1 in Dodging
  3756 | D:8      | Found a staircase to the Lair.
  3844 | Lair:1   | Entered Level 1 of the Lair of Beasts
  3926 | Lair:2   | Noticed a rime drake
  3926 | Lair:2   | Noticed a blink frog
  3927 | Lair:2   | Noticed a blink frog
  3930 | Lair:2   | Noticed a blink frog
  3949 | Lair:2   | Slain by a blink frog

Illustrated notes

Levels and vault maps discovered:
D:1:      giann_bridges, layout_loops_ring, ebering_ecumenical_altar_rust
D:2:      layout_basic
D:3:      layout_basic, minivault_26, uniq_crazy_yiuf_cottage
D:4:      layout_layer_cave, mainiacjoe_overflow_24_doors, serial_shops,
          nicolae_shop_advertising_works [nicolae_subvault_shop_adworks],
          minmay_misc_feat_encased, hangedman_abyss_or_decor_passed,
          uniq_duvessa, uniq_eustachio
D:5:      due_chaos_kobolds, layout_cave_pods, tso_metal_star,
          general_overflow_altar, nicolae_overflow_squiral,
          minmay_temple_entry_nine_rooms, st_stairs_6, uniq_ijyb
D:6:      layout_basic, mainiacjoe_overflow_small_starburst,
          wad_floor_pattern_2, uniq_pikel, uniq_prince_ribbit1
D:7:      nicolae_BIG_FREAKIN_CUBE, layout_layer_cave,
          nicolae_sif_muna_condensation, nicolae_concentric_dashed_squares_mild
D:8:      layout_cave_pods, lemuel_crystal_altar, lair_entry_dummy
Temple:   nicolae_temple_god_jail
Lair:1:   layout_roguey, basic_altar, disabler_island, serial_bayou_shore_a
Lair:2:   layout_cave_pods, minmay_swamp_entry_reptiles

Skill      XL: |  1  2  3  4  5  6  7  8  9 |
---------------+----------------------------+-----
Long Blades    | 3 5 6 7 |  7.8
Short Blades   | 1 5 6 |  6.5
Fighting       | 5 8 |  8.7
Evocations     | 2 |  2.2
Dodging        | 1 |  1.3
Armour         | 4 |  4.0
Shields        | |  3.6

Action                     |  1- 3 |  4- 6 |  7- 9 || total
---------------------------+-------+-------+-------++-------
  Melee: Long sword        |    70 |    76 |       ||   146
         Dagger            |       |    12 |   317 ||   329
  Throw: Dart              |       |       |     1 ||     1
  Evoke: Wand              |       |     9 |     6 ||    15
    Use: Scroll            |       |     7 |     8 ||    15
         Potion            |       |     1 |       ||     1
   Stab: Invisible         |       |       |     1 ||     1
 Armour: Scale mail        |    45 |    39 |    75 ||   159
         Skin              |       |    19 |       ||    19
         Ring mail         |       |       |    27 ||    27
  Dodge: Dodged            |    21 |    33 |   101 ||   155
  Block: Buckler           |    21 |    36 |    80 ||   137

Table legend: (Time is in decaauts)
 A = Elapsed time spent in this place.
 B = Non-inter-level travel time spent in this place.
 C = Inter-level travel time spent in this place.
 D = Time resting spent in this place.
 E = Time spent auto-exploring this place.
 F = Levels seen in this place.
 G = Mean time per level.
                   A        B        C        D        E       F      G
               +--------+--------+--------+--------+--------+-----+--------+
         Total |   3845 |   3691 |    154 |     22 |   2595 |  11 |  349.5 |
       Dungeon |   3657 |   3516 |    141 |     22 |   2489 |   8 |  457.1 |
        Temple |     86 |     74 |     12 |      0 |     48 |   1 |   86.0 |
          Lair |    100 |    100 |      0 |      0 |     58 |   2 |   50.0 |
               +--------+--------+--------+--------+--------+-----+--------+

Top non-repeatable levels by time:
     D:3: 866 daAuts
     D:5: 690 daAuts
     D:7: 688 daAuts
     D:1: 391 daAuts
     D:4: 352 daAuts
     D:6: 296 daAuts
     D:2: 225 daAuts
     D:8: 145 daAuts
  Temple: 86 daAuts
  Lair:1: 60 daAuts
  Lair:2: 40 daAuts
